 Dungeon Crawl Stone Soup version 0.28-a0-932-g843f935a50 (console) character file.

Game seed: 11621603157940490734

10000 jejorda2 the Carver (level 11, 0/68 HPs)
             Began as a Gargoyle Berserker on Nov 27, 2021.
             Was an Elder of Trog.
             Killed from afar by a starcursed mass (10 damage)
             ... with an accursed screaming
             ... on level 2 of the Abyss.
             The game lasted 00:23:01 (9509 turns).

jejorda2 the Carver (Gargoyle Berserker)            Turns: 9509, Time: 00:23:03

Health: 0/68       AC: 31    Str: 23    XL:     11   Next: 55%
Magic:  11/11      EV:  8    Int: 13    God:    Trog [****..]
Gold:   340        SH:  0    Dex:  9    Spells: 10/10 levels left

rFire   . . .      SeeInvis +   b - +1 long sword (spect)
rCold   . . .      Faith    .   (no shield)
rNeg    + + .      Spirit   .   u - +8 chain mail of Xyetotu {rN+ Int+4}
rPois   ∞          Reflect  .   t - +2 helmet {SInv}
rElec   +          Harm     .   (no cloak)
rCorr   +          Rampage  .   (no gloves)
Will    .....                   o - +1 pair of boots
Stlth   ..........              (no amulet)
HPRegen 0.21/turn               d - ring of resist corrosion
MPRegen 0.12/turn               (no ring)

@: about to teleport, on berserk cooldown, slowed, very slow
A: sickness immunity, AC +8, negative energy resistance 1, electricity
resistance, torment resistance 1, petrification resistance
a: Renounce Religion, Berserk, Trog's Hand, Brothers in Arms


You were on level 2 of the Abyss.
You worshipped Trog.
Trog was greatly pleased with you.
You visited 1 branch of the dungeon, and saw 10 of its levels.
You visited the Abyss 1 time.

You collected 699 gold pieces.
You spent 359 gold pieces at shops.

Inventory:

Hand Weapons
 a - a +1 scimitar of freezing
 b - a +1 spectral long sword (weapon)
 w - a +2 short sword of speed
Missiles
 c - 117 stones (quivered)
 j - 49 sling bullets
 s - 58 poisoned darts
 D - 2 curare-tipped darts
Armour
 o - a +1 pair of boots (worn)
 t - a +2 helmet of see invisible (worn)
 u - the +8 chain mail of Xyetotu (worn) {rN+ Int+4}
   (You found it on level 4 of the Dungeon)

   Int:       It affects your intelligence (+4).
   rN:        It protects you from negative energy.
Jewellery
 d - a ring of resist corrosion (left hand)
 l - a ring of fire
 p - a ring of positive energy
Wands
 n - a wand of flame (12)
 v - a wand of iceblast (9)
 y - a wand of acid (9)
Scrolls
 m - a scroll of blinking
 B - a scroll of enchant weapon
 C - a scroll of identify
Potions
 e - a potion of flight
 f - a potion of berserk rage
 g - a potion of attraction
 h - a potion of lignification
 i - 6 potions of curing
 k - a potion of mutation
 r - 4 potions of haste
 x - 2 potions of heal wounds
 z - a potion of invisibility
 A - a potion of might {unknown}


   Skills:
 + Level 8.0 Fighting
 - Level 14.0 Long Blades
 - Level 6.0 Armour
 - Level 1.5 Dodging
 + Level 5.5 Stealth


You had 10 spell levels left.
You didn't know any spells.
Your spell library was empty.

Dungeon Overview and Level Annotations

Branches:
Dungeon (10/15)            Temple (0/1) D:7
   Lair: D:8-11         Orc: D:9-12

Altars:
Ashenzari
Elyvilon
Gozag
Hepliaklqana
Kikubaaqudgha
Makhleb
Nemelex Xobeh
Qazlal
Sif Muna
Uskayaw
Vehumet
Wu Jian

Shops:
D:1 [   D:4 =   D:7 *   D:9 *

Annotations:
D:9 Psyche


Innate Abilities, Weirdness & Mutations

You are immune to sickness and miasma.
Your stone body is resilient. (AC +8)
You are immune to poison.
You resist negative energy. (rN+)
You are resistant to electric shocks. (rElec)
You are resistant to unholy torment.
You are immune to petrification.


Message History

The rust devil is almost dead.
Your +1 spectral long sword closely misses the rust devil.
You slash the rust devil!
You kill the rust devil!
Trog accepts your kill.
The starcursed mass touches you but does no damage.
Your Fighting skill increases to level 8!
You slash the starcursed mass!
The starcursed mass is severely damaged.
Your +1 spectral long sword hits the starcursed mass!
You destroy the starcursed mass!
Trog accepts your kill.
You are no longer berserk.
You are exhausted.
You feel yourself slow down.
You slash the starcursed mass!
The starcursed mass is severely damaged.
Your +1 spectral long sword hits the starcursed mass but does no damage.
The starcursed mass shudders and is absorbed by its neighbour.
A starcursed mass splits.
A deafening chorus of shrieks assaults your mind!
* * * LOW HITPOINT WARNING * * *
You hit the starcursed mass.
The starcursed mass is moderately damaged.
Your +1 spectral long sword hits the starcursed mass!
The starcursed mass shudders and is absorbed by its neighbour.
The starcursed mass barely misses your +1 spectral long sword.
Unknown command.
As you read the scroll of teleportation, it crumbles to dust.
You feel strangely unstable.
You feel the power of the Abyss delaying your translocation!
The starcursed mass touches you!
* * * LOW HITPOINT WARNING * * *
You hit the starcursed mass.
The starcursed mass is heavily damaged.
Your +1 spectral long sword hits the starcursed mass!
You destroy the starcursed mass!
Trog accepts your kill. A chorus of shrieks assaults your mind.
You die...

..#.# #. . .. #
.# #.. ##. .
.#### .
###..#)###. #
##?...#....... ..
. #. #..#.#
..#..##.. ..
..##...# .#....
.. ...§§# ...#.#
. # #
#.#.#......###.
.. #.@(...#### #
.# #
.......#X#.#.....
>.. .# .#.##....X
### .....
#+###R°# .#.#..
○X.. .. #.. . .
.... # .. ......#
# ≈. .####


You could see 3 starcursed masses, an efreet and a friendly +1 spectral long
sword (summoned).

Vanquished Creatures
  Gastronok (D:10)
  A two-headed ogre (D:10)
  A phantasmal warrior (Abyss:2)
  Pikel (D:5)
  A rust devil (Abyss:2)
  An unseen horror (D:7)
  An ancient zyme (Abyss:2)
  A kobold demonologist (D:10)
  3 meliai (D:10)
  A troll (D:10)
  A wraith (D:10)
  2 wyverns
  A basilisk (D:9)
  4 yaks (D:8)
  A sky beast (D:7)
  2 ice beasts
  4 orc warriors
  A black bear (D:5)
  A hornet zombie (D:7)
  2 necrophages
  4 centaurs
  3 ogres
  2 phantoms (D:6)
  7 kobold brigands
  A bullfrog (D:7)
  2 scorpions
  2 water moccasin zombies
  A small abomination (Abyss:2)
  5 wights (D:6)
  3 electric eels (D:6)
  3 howler monkeys
  A crimson imp (D:7)
  6 starcursed masses (Abyss:2)
  A jelly (D:6)
  4 centaur zombies
  A centaur skeleton (D:7)
  4 hounds
  A gnoll shaman (D:7)
  5 orc priests
  A bullfrog skeleton (D:7)
  An iguana (D:7)
  2 orc wizards (D:8)
  A killer bee zombie (D:7)
  A hound skeleton (D:4)
  A howler monkey zombie (D:7)
  3 gnolls (D:6)
  A howler monkey skeleton (D:7)
  6 adders
  A shadow imp (D:5)
  7 white imps
  3 ufetubi
  An adder zombie (D:4)
  An adder skeleton (D:4)
  2 dart slugs (D:4)
  21 orcs
  10 endoplasms
  2 giant cockroaches
  6 goblins
  6 hobgoblins
  3 jackals (D:1)
  45 kobolds
  4 quokkas
  5 ball pythons
  4 bats
  5 rats
  A spectral goblin (D:1)
231 creatures vanquished.

Vanquished Creatures (others)
  2 plants (D:6)
2 creatures vanquished.

Grand Total: 233 creatures vanquished

Notes
Turn   | Place    | Note
-------+----------+-------------------------------------------
     0 | D:1      | jejorda2 the Gargoyle Berserker began the quest for the
                  | Orb.
     0 | D:1      | Reached XP level 1. HP: 14/14 MP: 1/1
   146 | D:1      | Found Piyxest's Antique Armour Emporium.
   223 | D:1      | Reached XP level 2. HP: 15/19 MP: 2/2
   224 | D:1      | Reached skill level 3 in Long Blades
   499 | D:1      | Found a faded altar of an unknown god.
  1010 | D:1      | Reached XP level 3. HP: 23/23 MP: 3/3
  1655 | D:2      | Reached XP level 4. HP: 24/29 MP: 4/4
  1801 | D:2      | Reached ** piety under Trog
  2082 | D:2      | Found a hazy altar of Hepliaklqana.
  2482 | D:3      | Found a radiant altar of Vehumet.
  2792 | D:3      | Found a sparkling altar of Nemelex Xobeh.
  3026 | D:4      | Found Umeezxah's Jewellery Shop.
  3034 | D:4      | Noticed a scorpion
  3047 | D:4      | Reached skill level 4 in Long Blades
  3060 | D:4      | Killed a scorpion
  3061 | D:4      | Reached XP level 5. HP: 9/34 MP: 5/5
  3062 | D:4      | Noticed an ogre
  3362 | D:4      | Killed an ogre
  3363 | D:4      | Reached XP level 6. HP: 39/39 MP: 6/6
  3626 | D:4      | Found a burning altar of Makhleb.
  3683 | D:4      | Noticed a necrophage
  3702 | D:4      | Killed a necrophage
  3703 | D:4      | Reached skill level 5 in Long Blades
  3771 | D:4      | Reached skill level 5 in Fighting
  3771 | D:4      | Reached XP level 7. HP: 44/44 MP: 7/7
  4008 | D:4      | Identified the +8 chain mail of Xyetotu {rN+ Int+4}
  4195 | D:4      | Found a shimmering blue altar of Sif Muna.
  4490 | D:1      | Bought a shiny helmet for 247 gold pieces
  4577 | D:5      | Entered Level 5 of the Dungeon
  4723 | D:5      | Noticed Pikel
  4749 | D:5      | Killed Pikel
  4750 | D:5      | Reached skill level 6 in Long Blades
  4750 | D:5      | Reached skill level 5 in Armour
  4750 | D:5      | Reached XP level 8. HP: 48/51 MP: 8/8
  4915 | D:5      | Reached skill level 7 in Long Blades
  5025 | D:5      | Found a hazy altar of Hepliaklqana.
  5398 | D:6      | Reached skill level 8 in Long Blades
  5421 | D:6      | Found an opulent altar of Gozag.
  5510 | D:6      | Reached XP level 9. HP: 55/55 MP: 9/9
  5611 | D:6      | Reached skill level 9 in Long Blades
  5918 | D:6      | Found a transporter.
  5926 | D:6      | Found a transporter.
  6359 | D:6      | Reached *** piety under Trog
  6368 | D:6      | Reached skill level 10 in Long Blades
  6753 | D:7      | Found Naeqicuj's General Store.
  6770 | D:7      | Bought a potion of invisibility for 112 gold pieces
  6783 | D:7      | Found a staircase to the Ecumenical Temple.
  6909 | D:7      | Found a hide-covered altar of Uskayaw.
  6909 | D:7      | Found a white marble altar of Elyvilon.
  7098 | D:7      | Found a stormy altar of Qazlal.
  7611 | D:7      | Found an ancient bone altar of Kikubaaqudgha.
  7612 | D:7      | Noticed an unseen horror
  7619 | D:7      | Killed an unseen horror
  7620 | D:7      | Reached skill level 11 in Long Blades
  7624 | D:7      | Reached XP level 10. HP: 60/60 MP: 10/10
  8062 | D:8      | Reached **** piety under Trog
  8075 | D:8      | Reached skill level 12 in Long Blades
  8161 | D:8      | Found an ornate altar of the Wu Jian Council.
  8338 | D:8      | Identified the +2 flail of the Imperium {vorpal, Str+4}
  8340 | D:10     | Entered Level 10 of the Dungeon
  8349 | D:10     | Noticed a kobold demonologist
  8381 | D:10     | Killed a kobold demonologist
  8385 | D:10     | Reached skill level 13 in Long Blades
  8709 | D:10     | Reached XP level 11. HP: 56/64 MP: 11/11
  8986 | D:10     | Noticed Gastronok
  8996 | D:10     | Killed Gastronok
  8997 | D:10     | Reached skill level 14 in Long Blades
  9118 | D:10     | Noticed a two-headed ogre
  9124 | D:10     | Killed a two-headed ogre
  9205 | D:9      | Found Lyparch's Assorted Antiques.
  9276 | D:9      | Found a broken altar of Ashenzari.
  9304 | D:9      | Noticed a deep elf pyromancer
  9323 | D:9      | Noticed Psyche
  9385 | D:9      | Cast into level 2 of the Abyss (Psyche)
  9394 | Abyss:2  | Noticed a phantasmal warrior
  9403 | Abyss:2  | Killed a phantasmal warrior
  9438 | Abyss:2  | Noticed a lich
  9483 | Abyss:2  | Noticed a starcursed mass
  9494 | Abyss:2  | Paralysed by accursed screaming for 1 turns
  9495 | Abyss:2  | Reached skill level 5 in Stealth
  9509 | Abyss:2  | Killed from afar by a starcursed mass

Illustrated notes

Levels and vault maps discovered:
D:1:      minmay_arrival_radiant_lines, layout_basic, serial_shops,
          nicolae_shop_window_shopping,
          dreamdust_ecumenical_altar_drowned_temple, feat_on_display
D:2:      layout_loops_cross, basic_altar
D:3:      layout_basic, nemelex_xobeh_ov_fountains_minmay,
          mainiacjoe_overflow_concentric_impassable
D:4:      layout_cave_pods, mainiacjoe_overflow_24_doors, serial_shops,
          nicolae_square_shop, minmay_ruined_shrine
D:5:      layout_rooms, mainiacjoe_overflow_boulevard, uniq_pikel
D:6:      gammafunk_steamed_eel, layout_loops_cross, grunt_gozag_statues
D:7:      layout_layer_cave, jmf_multi_god_temple,
          nicolae_kikubaaqudgha_miasma_corner, nicolae_qazlal_general_emergency,
          temple_fountains, serial_shops, shop, minmay_fire_ice_demons
D:8:      minmay_octagon_keep, layout_basic, mainiacjoe_overflow_chevrons,
          small_chamber_with_monster
D:9:      layout_basic, mainiacjoe_overflow_brackets, mainiacjoe_overflow_paths,
          orc_0_dummy, nicolae_take_the_stairs,
          minmay_fractal_squares_gapless_7, uniq_psyche
D:10:     layout_basic, lair_entry_dummy, st_stairs_5, uniq_gastronok
Abyss:2:  base: D:1, kilobyte_mutagenic_chamber

Skill      XL: |  1  2  3  4  5  6  7  8  9 10 11 |
---------------+----------------------------------+-----
Long Blades    | 3 4 5 6 8 11 13 14 | 14.0
Armour         | 3 4 5 6 |  6.0
Fighting       | 4 5 6 8 |  8.0
Stealth        | 5 |  5.5
Dodging        | |  1.5

Action                   |  1- 3 |  4- 6 |  7- 9 | 10-12 || total
-------------------------+-------+-------+-------+-------++-------
Melee: Falchion          |    61 |       |       |       ||    61
       Short sword       |    36 |   116 |   400 |     9 ||   561
       Scimitar          |       |       |    39 |   184 ||   223
       Long sword        |       |       |    24 |    83 ||   107
Throw: Stone             |     9 |    12 |    31 |       ||    52
Invok: Berserk           |       |     5 |     3 |     9 ||    17
       Trog's Hand       |       |       |     1 |     3 ||     4
Evoke: Wand              |       |       |     5 |       ||     5
  Use: Scroll            |       |       |    16 |     2 ||    18
 Stab: Sleeping          |     1 |       |       |       ||     1
       Distracted        |       |       |       |     1 ||     1
Armor: Animal skin       |    27 |    26 |       |       ||    53
       Ring mail         |       |     4 |       |       ||     4
       Chain mail        |       |       |   239 |   165 ||   404
Dodge: Dodged            |    50 |    53 |   129 |    86 ||   318

Table legend: (Time is in decaauts)
 A = Elapsed time spent in this place.
 B = Non-inter-level travel time spent in this place.
 C = Inter-level travel time spent in this place.
 D = Time resting spent in this place.
 E = Time spent auto-exploring this place.
 F = Levels seen in this place.
 G = Mean time per level.
                   A        B        C        D        E       F      G
               +--------+--------+--------+--------+--------+-----+--------+
         Total |   9390 |   8866 |    524 |    736 |   6428 |  11 |  853.6 |
       Dungeon |   9273 |   8749 |    524 |    702 |   6428 |  10 |  927.3 |
         Abyss |    117 |    117 |      0 |     33 |      0 |   1 |  117.0 |
               +--------+--------+--------+--------+--------+-----+--------+

Top non-repeatable levels by time:
     D:1: 1439 daAuts
     D:6: 1301 daAuts
     D:4: 1296 daAuts
     D:3: 1022 daAuts
     D:7: 1021 daAuts
     D:2: 877 daAuts
    D:10: 836 daAuts
     D:5: 703 daAuts
     D:8: 547 daAuts
     D:9: 227 daAuts
 Abyss:2: 117 daAuts
